 Dungeon Crawl Stone Soup version 0.30.0-18-gc0e69614cb (webtiles) character file.

Game seed: 1973298319859250471

9 Iich the Trooper (level 2, 24/24 HPs)
             Began as a Demonspawn Fighter on May 24, 2023.
             Got out of the dungeon alive.
             The game lasted 00:00:27 (348 turns).

Iich the Trooper (Demonspawn Fighter)                Turns: 348, Time: 00:00:28

Health: 24/24      AC:  6    Str: 16    XL:     2   Next: 3%
Magic:  2/2        EV:  8    Int:  9    God:
Gold:   33         SH:  4    Dex: 12    Spells: 1/1 levels left

rFire   . . .        a - +0 war axe
rCold   . . .        c - +0 buckler
rNeg    . . .        b - +0 scale mail
rPois   .            (helmet restricted)
rElec   .            (no cloak)
rCorr   .            (no gloves)
SInv    .            (no boots)
Will    .....        (no amulet) Stlth
                     (no ring)
HPRegen 0.24/turn    (no ring)
MPRegen 0.08/turn

%: no passive effects
@: no status effects
A: antennae 1
a: no special abilities


You escaped.
You visited 1 branch of the dungeon, and saw 1 of its levels.

You collected 33 gold pieces.

Inventory:

Hand Weapons
 a - a +0 war axe (weapon)
Armour
 b - a +0 scale mail (worn)
 c - a +0 buckler (worn)
Scrolls
 e - a scroll of acquirement {unknown}
 h - a scroll of silence {unknown}
 i - a scroll of fear {unknown}
Potions
 d - 2 potions of might
 f - 2 potions of attraction {unknown}
 g - a potion of cancellation {unknown}
 j - a potion of haste {unknown}


   Skills:
 + Level 3.1 Fighting
 * Level 2.3 Axes
 - Level 2.6 Armour
 - Level 2.6 Shields


You had one spell level left.
You didn't know any spells.
Your spell library contained the following spells:

 Spells                   Type           Power      Damage    Failure   Level
 Flame Wave               Conj/Fire      0%         2d4       100%        4
 Fulminant Prism          Conj/Hex       0%         3d5       100%        4
 Arcjolt                  Conj/Air       0%         1d10      100%        5


Dungeon Overview and Level Annotations

Branches:
Dungeon (1/15)

Altars:


Innate Abilities, Weirdness & Mutations

You have a pair of small antennae on your head.


Message History

A kobold comes into view. It is wielding a +0 dagger.
Found 6 gold pieces.
The kobold moves out of view.
No target in view!
No target in view!
No target in view!
No target in view!
An endoplasm comes into view.
Found 6 gold pieces.
The endoplasm quivers.
You closely miss the kobold. You block the kobold's attack. x2
You hit the kobold.
You kill the kobold!
You hit the endoplasm but do no damage. The endoplasm freezes you.
You are frozen.
The endoplasm freezes you.
You are frozen.
You take 8 damage, and have 10/18 hp. !!!!--MASSIVE DAMAGE--!!!!
You are too injured to fight recklessly!
You are too injured to fight recklessly!
You are too injured to fight recklessly!
You hit the endoplasm.
You kill the endoplasm!
You have reached level 2!
Your demonic ancestry asserts itself...
A pair of antennae grows on your head!
You regained 3 hp, and now have 13/24 hp.
MP restored: 2 You see here a +1 leather armour of fire resistance.
j - a murky inky potion
(D) Dungeon
Where to? (? - help)
What level of the Dungeon? (default 1, ? - help)
You see here a rat corpse.
There is an open door here.
There is an open door here.
There is a staircase leading out of the dungeon here.
Health restored: 24 Are you sure you want to leave the Dungeon?
This will make you lose the game!
You have escaped!

###### ##
###....###############.
###..........##...#......
###.....#####...###.....###
#....####...####.....####..
#..###.........###'###.....
#..#......@......'.'......⌠
#..###.........###'###.....
#....####...####.....####..
#.......#####...........###
#....................##....
#..#..###...##........##...
#.##### ########..###.###..
### ####.# ## ##. # #.#..#
# #..


There were no monsters in sight!

Vanquished Creatures
  2 endoplasms (D:1)
  A hobgoblin (D:1)
  A kobold (D:1)
  2 ball pythons (D:1)
  A frilled lizard (D:1)
  A rat (D:1)
8 creatures vanquished.

Notes
Turn   | Place    | Note
-------+----------+-------------------------------------------
     0 | D:1      | Iich the Demonspawn Fighter began the quest for the Orb.
     0 | D:1      | Reached XP level 1. HP: 18/18 MP: 1/1
   122 | D:1      | Got Buliprel's Cyclopedia of Momentum
   290 | D:1      | Gained mutation: You have a pair of small antennae on your
                  | head. [demonic ancestry]
   290 | D:1      | Reached XP level 2. HP: 13/24 MP: 2/2
   348 | D:$      | Got out of the dungeon alive.

Illustrated notes

Levels and vault maps discovered:
D:1:      elethiomel_arrival_infinity_welcomes_careful_drivers,
          layout_loops_ring

Skill      XL: |  1 |
---------------+----+-----
Axes           | 2 |  2.3
Fighting       | |  3.1
Armour         | |  2.6
Shields        | |  2.6

Action                     || total
---------------------------++-------
  Melee: War axe           ||    17
 Armour: Scale mail        ||     5
  Dodge: Dodged            ||     9
  Block: Buckler           ||     8
